 Dungeon Crawl Stone Soup version 0.24.0-13-gcf9b3192b9 (webtiles) character file.

Game seed: 142949566768484436, levelgen mode: deterministic

43598 Curus the Fighter (level 13, -9/123 HPs)
             Began as a Minotaur Monk on Nov 5, 2019.
             Was the Champion of Makhleb.
             Mangled by a spriggan rider
             ... wielding a +0 spear
              (18 damage)
             ... on level 6 of the Lair of Beasts.
             The game lasted 01:21:23 (13400 turns).

Curus the Fighter (Minotaur Monk)                  Turns: 13400, Time: 01:21:23

Health: -9/123     AC: 12    Str: 22    XL:     13   Next: 91%
Magic:  20/20      EV: 21    Int:  9    God:    Makhleb [******]
Gold:   969        SH:  0    Dex: 19    Spells: 12/12 levels left

rFire    . . .     SeeInvis .   p - +1 trident
rCold    . . .     Gourm    .   (no shield)
rNeg     . . .     Faith    .   h - +5 ring mail of the Cuttlefish {Regen+ Str+4}
rPois    .         Spirit   .   (helmet unavailable)
rElec    .         Reflect  .   (no cloak)
rCorr    +         Harm     .   (no gloves)
MR       .....                  j - +1 pair of boots
Stlth    +.........             A - amulet of magic regeneration
HPRegen  0.70/turn              n - +3 ring of strength
MPRegen  0.42/turn              u - ring of resist corrosion

@: slowed, very slow
A: retaliatory headbutt, horns 3, clever 1
a: Minor Destruction, Lesser Servant of Makhleb, Major Destruction, Greater
Servant of Makhleb, Renounce Religion


You were on level 6 of the Lair of Beasts.
You worshipped Makhleb.
Makhleb was exalted by your worship.
You were not hungry.

You visited 2 branches of the dungeon, and saw 17 of its levels.
You also visited: Ossuary.

You collected 969 gold pieces.

Inventory:

Hand Weapons
 a - a +2 spear
 p - a +1 trident (weapon)
 t - a +3 halberd of freezing
Armour
 b - a +0 robe
 d - a +1 ring mail
 h - the +5 ring mail of the Cuttlefish (worn) {Regen+ Str+4}
   (You found it on level 4 of the Dungeon)

   It affects your strength (+4).
   It increases your rate of regeneration.
 j - a +1 pair of boots (worn)
 q - a cursed +0 ring mail
 K - a +1 ring mail of poison resistance
Jewellery
 f - a -3 ring of intelligence
 n - a +3 ring of strength (left hand)
 u - a ring of resist corrosion (right hand)
 A - an amulet of magic regeneration (around neck)
 C - an uncursed ring of see invisible
 F - a cursed amulet of inaccuracy
Wands
 m - a wand of random effects (34)
 o - a wand of clouds (5)
 s - a wand of paralysis (27)
 E - a wand of digging (4)
Scrolls
 e - 11 scrolls of teleportation
 g - 3 scrolls of remove curse
 i - 6 scrolls of identify
 w - a scroll of amnesia
 y - a scroll of fear
 D - a scroll of magic mapping
 G - a scroll of fog
 I - 3 scrolls of enchant weapon
 J - a scroll of summoning
Potions
 k - 2 potions of curing
 l - 3 potions of invisibility
 r - 3 potions of flight
 v - 2 potions of might
 x - 3 potions of brilliance
 z - 2 potions of heal wounds
 B - 2 potions of haste
Comestibles
 c - 39 rations
 H - 3 chunks of flesh


   Skills:
 - Level 13.8 Fighting
 + Level 12.1 Polearms
 - Level 12.8 Dodging
 - Level 1.5 Stealth
 + Level 11.0 Invocations
 - Level 10.0 Evocations


You had 12 spell levels left.
You didn't know any spells.
Your spell library contained the following spells:

 Spells                   Type           Power        Failure   Level  Hunger
 Animate Skeleton         Necr           N/A          54%         1    ##.....
 Apportation              Tloc           #.....       54%         1    ##.....
 Confusing Touch          Hex            #.....       54%         1    ##.....
 Shock                    Conj/Air       #...         54%         1    ##.....
 Summon Small Mammal      Summ           #...         54%         1    ##.....
 Call Imp                 Summ           #.......     69%         2    ###....
 Swiftness                Chrm/Air       #.......     69%         2    ###....
 Call Canine Familiar     Summ           #.......     89%         3    ####...
 Recall                   Summ/Tloc      N/A          89%         3    ####...
 Static Discharge         Conj/Air       #.......     89%         3    ####...
 Summon Guardian Golem    Hex/Summ       #.......     89%         3    ####...
 Airstrike                Air            #.........   100%        4    #####..
 Animate Dead             Necr           N/A          100%        4    #####..
 Summon Ice Beast         Ice/Summ       #.......     100%        4    #####..
 Summon Lightning Spire   Summ/Air       #.......     100%        4    #####..
 Borgnjor's Vile Clutch   Necr/Erth      #.........   100%        5    ######.
 Lightning Bolt           Conj/Air       #.........   100%        5    ######.
 Death Channel            Necr           #.........   100%        6    #######
 Simulacrum               Ice/Necr       #.........   100%        6    #######


Dungeon Overview and Level Annotations

Branches:
Dungeon (11/15)            Temple (0/1) D:7            Lair (6/6) D:11
 Shoals (0/4) Lair:4       Spider (0/4) Lair:4        Slime (0/5) Lair:5
    Orc (0/2) D:9         Ossuary (visited)

Altars:
Ashenzari
Cheibriados
Fedhas
Gozag
Kikubaaqudgha
Makhleb
Qazlal
Ru
Sif Muna
Trog
Uskayaw
Wu Jian
Xom
Zin

Annotations:
Lair:1 1 runed translucent door


Innate Abilities, Weirdness & Mutations

You reflexively headbutt those who attack you in melee.
You have a pair of large horns on your head.
Your mind is acute. (Int +2)


Message History

You feel as though you will be slow longer.
You see here a curare-tipped dart.
You feel better.
The spriggan rider hits you from afar with a +0 spear!
* * * LOW HITPOINT WARNING * * *
The spriggan rider completely misses you.
The spriggan rider throws a curare-tipped dart.
The curare-tipped dart completely misses you.
The curare-tipped dart hits the fungus.
The spriggan rider barely misses you.
The spriggan rider throws a curare-tipped dart.
The curare-tipped dart completely misses you.
The spriggan rider closely misses you. The spriggan rider barely misses you.
The spriggan rider hits you but does no damage.
The spriggan rider hits you from afar with a +0 spear!
* * * LOW HITPOINT WARNING * * *
A wolf comes into view.
The wolf howls!
The spriggan rider hits you from afar with a +0 spear!!
You die...

♣.....♣♣ ♣ ##...♣♣
#.#....#♣♣♣
##...iy.♣.♣♣♣♣
#....hi#♣....♣♣♣♣♣
#.....P#.i........P♣
#....P###Di......P..
.....# ###......hP#
...## #..@....P# #P..PP#
##......## .....
###.......#P ...#
###.........P. ... #.
#.P...<......P .# #...
#....÷........
.###....................
........................
........................


You could see an eight-headed hydra, 2 spriggan riders, a hornet, 2 spriggans
and 2 wolves.

Vanquished Creatures
  A dire elephant (Lair:6)
  4 hydras
  A tengu warrior (D:8)
  3 death yaks (D:11)
  3 two-headed ogres
  A deep elf mage (D:9)
  5 oklob plants
  2 manticores (Lair:4)
  7 elephants
  3 black mambas
  8 spiny frogs
  A gargoyle (D:8)
  A torpor snail (Lair:3)
  4 rime drakes (Lair:4)
  6 komodo dragons
  2 polar bears
  A troll (D:8)
  7 dream sheep
  11 blink frogs
  7 hippogriffs
  38 yaks
  Sigmund (D:3)
  5 wyverns
  6 basilisks
  10 water moccasins
  A hell hound (Lair:4)
  9 porcupines
  An ice beast (D:10)
  A sky beast (D:6)
  8 orc warriors
  2 black bears
  2 necrophages (D:7)
  The ghost of tonywhite87 the Skirmisher, an amateur DsAK of Lugonu (D:4)
  A phantom (D:8)
  9 crocodiles
  13 wolves
  8 ogres
  7 centaurs
  2 big kobolds
  12 bullfrogs
  A wyvern skeleton (D:10)
  2 water moccasin zombies
  10 killer bees
  11 wights
  2 electric eels (Lair:4)
  4 howler monkeys (D:10)
  5 crimson imps
  3 hounds
  8 orc priests
  2 gnoll shamans (D:6)
  A centaur skeleton (D:10)
  3 iguanas
  2 worker ants
  10 hell rats
  13 orc wizards
  A killer bee zombie (D:7)
  2 big kobold zombies (Ossuary)
  A hound skeleton (D:4)
  4 mummies
  A howler monkey zombie (D:9)
  40 gnolls
  3 worker ant zombies
  16 adders
  3 river rats (Lair:1)
  A shadow imp (D:8)
  5 adder zombies
  3 worms (D:2)
  2 dart slugs
  6 leopard geckos
  42 orcs
  4 bats
  5 giant cockroaches
  3 gnoll zombies (Ossuary)
  9 goblins
  3 hobgoblins
  24 jackals
  12 kobolds
  8 quokkas
  A frilled lizard (D:3)
  3 hobgoblin zombies (Ossuary)
  8 kobold zombies (Ossuary)
  2 leopard gecko skeletons
  2 leopard gecko zombies
  6 orc zombies (Ossuary)
  7 rats
  A plant (Lair:5)
520 creatures vanquished.

Vanquished Creatures (collateral kills)
  2 hippogriffs (Lair:4)
  5 wyverns (Lair:4)
  2 basilisks (Lair:4)
  A hell hound (Lair:4)
  A water moccasin (Lair:4)
  A porcupine (Lair:4)
12 creatures vanquished.

Vanquished Creatures (others)
  3 fungi
  A plant (Lair:2)
  7 toadstools (Lair:1)
11 creatures vanquished.

Grand Total: 543 creatures vanquished

Notes
Turn   | Place    | Note
-------+----------+-------------------------------------------
     0 | D:1      | Curus the Minotaur Monk began the quest for the Orb.
     0 | D:1      | Reached XP level 1. HP: 19/19 MP: 0/0
    77 | D:1      | Reached XP level 2. HP: 21/26 MP: 1/1
   451 | D:1      | Reached skill level 5 in Polearms
   671 | D:2      | Reached XP level 3. HP: 31/31 MP: 2/2
   916 | D:2      | Reached XP level 4. HP: 29/39 MP: 3/3
  1099 | D:2      | Found a shimmering blue altar of Sif Muna.
  1195 | D:2      | Found a shimmering altar of Xom.
  1196 | D:2      | Found a shimmering altar of Xom.
  1196 | D:2      | Found a shimmering altar of Xom.
  1313 | D:2      | Found a stormy altar of Qazlal.
  1711 | D:3      | Noticed Sigmund
  1725 | D:3      | Killed Sigmund
  1725 | D:3      | Reached XP level 5. HP: 20/45 MP: 4/4
  1725 | D:3      | Reached XP level 6. HP: 23/51 MP: 5/5
  2351 | D:4      | Gained mutation: You have a pair of large horns on your
                  | head. [potion of mutation]
  2351 | D:4      | Gained mutation: Your mind is acute. (Int +2) [potion of
                  | mutation]
  2525 | D:4      | Found a hide-covered altar of Uskayaw.
  2532 | D:4      | Found a burning altar of Makhleb.
  2555 | D:4      | HP: 1/51 [wight/+0 flail (3)]
  2557 | D:4      | Reached XP level 7. HP: 1/57 MP: 6/6
  2810 | D:4      | Became a worshipper of Makhleb the Destroyer
  2810 | D:4      | Reached * piety under Makhleb
  2810 | D:4      | Reached ** piety under Makhleb
  2842 | D:4      | Got a smoking ring mail
  2853 | D:4      | Identified the +5 ring mail of the Cuttlefish {Regen+
                  | Str+4} (You found it on level 4 of the Dungeon)
  2868 | D:4      | Found a bloodstained altar of Trog.
  2934 | D:4      | Reached skill level 10 in Polearms
  2979 | D:4      | Found a runed translucent gate.
  2979 | D:4      | Found a runed translucent gate.
  2979 | D:4      | Found a runed translucent gate.
  2980 | D:4      | Noticed tonywhite87's ghost (amateur DsAK)
  2996 | D:4      | Found an opulent altar of Gozag.
  3290 | D:4      | Killed tonywhite87's ghost
  3341 | D:5      | Entered Level 5 of the Dungeon
  3520 | D:5      | Found a sand-covered staircase.
  3529 | Ossuary  | Entered an ossuary
  3619 | Ossuary  | Reached *** piety under Makhleb
  4304 | D:5      | Reached XP level 8. HP: 16/64 MP: 7/7
  4529 | D:6      | Reached skill level 4 in Fighting
  4596 | D:6      | Reached skill level 5 in Fighting
  4670 | D:6      | Reached skill level 5 in Dodging
  4845 | D:6      | Reached **** piety under Makhleb
  4940 | D:6      | Reached skill level 6 in Fighting
  5006 | D:6      | Reached XP level 9. HP: 78/78 MP: 8/8
  5043 | D:6      | Reached skill level 7 in Fighting
  5236 | D:7      | Found a staircase to the Ecumenical Temple.
  5455 | D:7      | Reached skill level 8 in Fighting
  5721 | D:7      | Reached ***** piety under Makhleb
  5728 | D:7      | You fall into a shaft and drop 3 floors!
  5728 | D:10     | Entered Level 10 of the Dungeon
  5849 | D:10     | Reached skill level 9 in Fighting
  5883 | D:10     | Reached XP level 10. HP: 62/92 MP: 9/9
  5892 | D:10     | Reached skill level 10 in Fighting
  5914 | D:9      | Found a blossoming altar of Fedhas.
  6257 | D:8      | Found a sacrificial altar of Ru.
  6374 | D:7      | Reached skill level 10 in Dodging
  6744 | D:8      | Reached skill level 11 in Fighting
  7067 | D:8      | Noticed a tengu warrior
  7085 | D:8      | Noticed a gargoyle
  7088 | D:8      | Killed a tengu warrior
  7097 | D:8      | Killed a gargoyle
  7211 | D:8      | Found a snail-covered altar of Cheibriados.
  7314 | D:8      | Found an ornate altar of the Wu Jian Council.
  7439 | D:9      | Found a hide-covered altar of Uskayaw.
  7440 | D:9      | Noticed a deep elf mage
  7446 | D:9      | Killed a deep elf mage
  7446 | D:9      | Reached skill level 12 in Fighting
  7446 | D:9      | Reached XP level 11. HP: 104/104 MP: 10/10
  7533 | D:9      | Found a shattered altar of Ashenzari.
  7604 | D:9      | Noticed a two-headed ogre
  7614 | D:9      | Killed a two-headed ogre
  7782 | D:9      | Reached ****** piety under Makhleb
  7863 | D:9      | Found a staircase to the Orcish Mines.
  7966 | D:9      | Found a glowing silver altar of Zin.
  7966 | D:9      | Found an ancient bone altar of Kikubaaqudgha.
  8474 | D:10     | Noticed a two-headed ogre
  8484 | D:10     | Killed a two-headed ogre
  8484 | D:10     | Reached skill level 13 in Fighting
  8995 | D:11     | Noticed a death yak
  8996 | D:11     | Noticed a death yak
  8996 | D:11     | Noticed a two-headed ogre
  9010 | D:11     | Noticed a death yak
  9014 | D:11     | Killed a death yak
  9020 | D:11     | Killed a death yak
  9026 | D:11     | Killed a death yak
  9032 | D:11     | Killed a two-headed ogre
  9083 | D:11     | Found a staircase to the Lair.
  9103 | Lair:1   | Entered Level 1 of the Lair of Beasts
  9192 | Lair:1   | Reached skill level 1 in Invocations
  9198 | Lair:1   | Noticed a seven-headed hydra
  9199 | Lair:1   | Reached skill level 1 in Evocations
  9221 | Lair:1   | Killed a seven-headed hydra
  9253 | Lair:1   | Reached XP level 12. HP: 93/116 MP: 11/13
  9358 | Lair:1   | Found a runed translucent door.
  9959 | Lair:2   | Reached skill level 5 in Invocations
  9978 | Lair:2   | Reached skill level 5 in Evocations
 11316 | Lair:3   | Reached XP level 13. HP: 121/123 MP: 18/18
 12009 | Lair:4   | Found a staircase to the Shoals.
 12345 | Lair:4   | Reached skill level 10 in Invocations
 12375 | Lair:4   | Found a hole to the Spider Nest.
 12413 | Lair:4   | You fall into a shaft and drop 2 floors!
 12413 | Lair:6   | Entered Level 6 of the Lair of Beasts
 12526 | Lair:6   | Noticed a dire elephant
 12556 | Lair:6   | Killed a dire elephant
 12674 | Lair:5   | Found a staircase to the Slime Pits.
 12864 | Lair:5   | Reached skill level 10 in Evocations
 13400 | Lair:6   | Mangled by a spriggan rider

Levels and vault maps discovered:
D:1:      eino_arrival_water_cross, layout_loops_ring
D:2:      layout_loops_ring, led_sif_pool, xom_redecorated, lemuel_round_altar
D:3:      layout_basic, uniq_sigmund
D:4:      layout_basic, kennysheep_little_box, overflow_temple_1_default,
          nicolae_overflow_hidden_temple, lightli_temple_of_fire,
          gammafunk_ghost_necromancy
D:5:      layout_gridville, first_ration, gup_ossuary_entry_pyramid
D:6:      lemuel_castle_with_subvaults [lemuel_castle_interior_carwin_3],
          layout_basic
D:7:      layout_loops_ring, temple_statues, serial_undead, serial_undead_e,
          serial_undead_f, serial_undead_a, serial_undead_d, grunt_ogre_cave
D:8:      minmay_slanted_spiral_squares, layout_loops_ring, old_standard_altar,
          kennysheep_mini_moat, serial_park_tiny_pond, chei_slow_surprise
D:9:      layout_loops_ring, ashenzari_altar_1, fedhas_altar_1,
          gammafunk_temple_overflow_elements, david_orc_4,
          david_defended_altar_elf
D:10:     layout_layer_cave
D:11:     layout_long_grid, dpeg_lair_monsters, gammafunk_ghost_icy, basic_altar
Lair:1:   gammafunk_lair_enchanted_lake, layout_misc_corridors,
          kennysheep_abandoned_house
Lair:2:   layout_roguey, grunt_megastairs_2
Lair:3:   layout_gridlike, minivault_11, hangedman_lair_generics_rect
Lair:4:   layout_small_grid, minmay_shoals_entry_beasts, spider_nest_entry_webs,
          special_room [special_room_mythical_zoo], serial_bayou_shore_a
Lair:5:   layout_loops_ring, slime_dummy, lemuel_fruit_fields,
          minmay_lair_oklob_chamber
Lair:6:   minmay_lair_end_enchanted_forest, layout_hall_layers,
          columned_hall_lemuel, uniq_sonja

Skill      XL: |  1  2  3  4  5  6  7  8  9 10 11 12 13 |
---------------+----------------------------------------+-----
Polearms       | 4 5 6 8 9 11 12 | 12.1
Fighting       | 6 9 12 13 | 13.8
Dodging        | 5 8 11 12 | 12.8
Invocations    | 2 8 11 | 11.0
Evocations     | 2 7 10 | 10.0
Stealth        | |  1.5

Action                   |  1- 3 |  4- 6 |  7- 9 | 10-12 | 13-15 || total
-------------------------+-------+-------+-------+-------+-------++-------
Melee: Spear             |    84 |   151 |   241 |       |       ||   476
       Headbutt          |     9 |    24 |   109 |   206 |   102 ||   450
       Trident           |       |       |   252 |   791 |   457 ||  1500
Invok: Lesser Servant of |       |       |       |     1 |       ||     1
       Major Destruction |       |       |       |       |     1 ||     1
Evoke: Wand              |       |       |       |     1 |       ||     1
  Use: Scroll            |     2 |     4 |     8 |     3 |     4 ||    21
       Potion            |       |     4 |     8 |     3 |     1 ||    16
 Stab: Sleeping          |     1 |     2 |     3 |     1 |     1 ||     8
       Distracted        |       |       |     2 |     2 |     1 ||     5
  Eat: Chunk             |       |     5 |     7 |    16 |     7 ||    35
       Ration            |       |       |     1 |     1 |       ||     2
Armor: Ring mail         |    14 |    31 |    68 |   147 |    90 ||   350
       Robe              |     5 |       |       |       |       ||     5
       Skin              |       |       |    17 |       |       ||    17
Dodge: Dodged            |    35 |    47 |   173 |   524 |   341 ||  1120
